 Dungeon Crawl Stone Soup version 0.19-a0-805-g0a78ef0 (webtiles) character file.

3302 FrankyJ the Fighter (level 10, -2/80 (91) HPs)
             Began as a Ghoul Gladiator on June 27, 2016.
             Was a Believer of Yredelemnul.
             Slain by a manticore (8 damage)
             ... on level 9 of the Dungeon.
             The game lasted 00:28:53 (8497 turns).

FrankyJ the Fighter (Ghoul Gladiator)               Turns: 8497, Time: 00:28:53

HP:   -2/80 (91)    AC: 10    Str: 30    XL:     10   Next: 1%
MP:   8/9           EV:  9    Int:  4    God:    Yredelemnul [**....]
Gold: 368           SH: 16    Dex:  9    Spells: 1 memorised, 8 levels left

rFire  . . .     SeeInvis .       - Unarmed
rCold  + . .     Gourm    .     u - +1 animal skin
rNeg   + + +     Faith    .     a - +0 large shield
rPois  ∞         Spirit   .     b - +0 helmet
rElec  .         Dismiss  .     I - +1 cloak
rCorr  .         Reflect  .     A - +1 pair of gloves {Str+3}
SustAt .         Harm     .     x - +0 pair of boots
MR     .....                    (no amulet)
Stlth  +.........               (no ring)
                                (no ring)

@: mighty, rotting, not resistant to hostile enchantments, very unstealthy
A: rotting body, claws 1, carnivore 3, cold resistance 1, negative energy
resistance 3, slow regeneration 1, torment resistance, unbreathing
a: Animate Remains, Recall Undead Slaves, Injury Mirror, Renounce Religion


You were on level 9 of the Dungeon.
You worshipped Yredelemnul.
Yredelemnul was pleased with you.
You were near starving.

You visited 1 branch of the dungeon, and saw 9 of its levels.

You collected 549 gold pieces.
You spent 181 gold pieces at shops.

Inventory:

Hand Weapons
 o - a +0 blowgun
 P - a +0 arbalest
Missiles
 c - 3 throwing nets (quivered)
 e - 17 poisoned needles
 G - 2 tomahawks of returning
 L - 5 tomahawks
 Q - 42 bolts
Armour
 a - a +0 large shield (worn)
 b - a +0 helmet (worn)
 g - a +0 ring mail
 u - a +1 animal skin (worn)
 x - a +0 pair of boots (worn)
 y - a +0 chain mail of cold resistance
 A - a +1 pair of gloves of strength (worn)
 I - a +1 cloak (worn)
Magical Staves
 K - an uncursed staff of fire {unknown}
Jewellery
 h - a cursed ring of teleportation {unknown}
 r - an uncursed ring of positive energy {unknown}
 w - a cursed ring of loudness {unknown}
 F - a cursed -2 ring of slaying {unknown}
 N - a cursed amulet of inaccuracy {unknown}
 O - a +1 ring of protection {unknown}
 R - a +3 ring of protection {unknown}
Wands
 z - a wand of polymorph (6/24)
 D - a wand of confusion (48/48)
Scrolls
 j - a scroll of enchant weapon
 k - a scroll of fear
 m - 5 scrolls of amnesia
 q - 10 scrolls of teleportation
 s - 5 scrolls of remove curse
 t - a scroll of recharging
 v - 4 scrolls of identify
Potions
 f - a potion of magic {unknown}
 i - a potion of degeneration {unknown}
 l - a potion of mutation {unknown}
 p - a potion of lignification {unknown}
 B - a potion of agility {unknown}
 E - a potion of resistance {unknown}
 H - a potion of flight {unknown}
Books
 n - a book of Death

   Spells                             Type                      Level
   a - Corpse Rot                     Necromancy                   2
   b - Sublimation of Blood           Necromancy                   2
   c - Agony                          Necromancy                   5
   d - Dispel Undead                  Necromancy                   5
   e - Excruciating Wounds            Charms/Necromancy            5
   f - Bolt of Draining               Conjuration/Necromancy       5
 J - a book of Cantrips

   Spells                             Type                      Level
   a - Confusing Touch                Hexes                        1
   b - Animate Skeleton               Necromancy                   1
   c - Summon Small Mammal            Summoning                    1
   d - Apportation                    Translocation                1
Comestibles
 d - 4 meat rations
 M - a beef jerky


   Skills:
 * Level 9.4 Fighting
 - Level 2.0 Throwing
 - Level 5.2 Armour
 - Level 3.1 Dodging
 - Level 5.4 Shields
 + Level 7.9 Unarmed Combat


You had 8 spell levels left.
You knew the following spells:

 Your Spells              Type           Power        Failure   Level  Hunger
a - Animate Skeleton      Necr           N/A          100%        1    ##.....


Dungeon Overview and Level Annotations

Branches:
Dungeon (9/15)             Temple (0/1) D:6
   Lair: D:8-11         Orc: D:9-12

Altars:
Cheibriados
Dithmenos
Gozag
Nemelex Xobeh
Pakellas
Qazlal
Ru
Sif Muna
Trog
Uskayaw
Vehumet
Xom
Yredelemnul
Zin
The Shining One

Shops:
D:4 *   D:5 [   D:6 :

Annotations:
D:3 exclusion: downstairs
D:4 Eustachio
D:8 exclusions: downstairs, zombie and 1 more exclusion


Innate Abilities, Weirdness & Mutations

Your body is rotting away.
You thrive on raw meat.
You are immune to poison.
You have sharp fingernails.
You are carnivorous and can eat meat at any time.
Your flesh is cold resistant. (rC+)
You are immune to negative energy. (rN+++)
You regenerate slowly when monsters are visible.
You are immune to unholy pain and torment.
You can survive without breathing.


Message History

The manticore bites you but does no damage.
The manticore claws you.
* * * LOW HITPOINT WARNING * * *
The manticore barely misses you.
You feel very mighty all of a sudden. The manticore barely misses you.
You block the manticore's attack. x2
You block the orc warrior's attack.
A manticore, an orc warrior, an orc wizard and a hungry ghost come into view.
You punch the manticore!
The manticore is severely wounded.
You block the manticore's attack. The manticore barely misses you.
You block the manticore's attack. The orc wizard barely misses you.
The orc warrior hits you with a scimitar!
* * * LOW HITPOINT WARNING * * *
You hit the manticore.
The manticore is severely wounded.
The hungry ghost moves out of view.
You block the manticore's attack. The manticore claws you!
You die...
Yredelemnul claims you as an undead slave.

### ### #<# #.# #.#
#.# #.# #.#
#.#######)#
#######.##.....o##
#.....#h##<....H@#
#.....#.##.###.o##
#.....#.<#.#.[..#
#.....#.h#.#.##...
#..................
#........#.#####..o.
#...^....#... o...
.........#.#...
.........# #....


You could see a manticore, an orc warrior and an orc wizard.

Vanquished Creatures
  Prince Ribbit (D:7)
  Grinder (D:4)
  Sigmund (D:5)
  2 hippogriffs (D:8)
  A hungry ghost (D:7)
  2 phantoms
  A necrophage (D:7)
  4 ogres
  2 centaurs
  A gnoll sergeant (D:8)
  A giant frog (D:7)
  A wyvern skeleton (D:7)
  2 scorpions
  3 wights (D:8)
  2 howler monkeys
  2 electric eels (D:6)
  A crimson imp (D:6)
  A giant frog zombie (D:7)
  4 jellies
  2 hounds
  4 orc wizards
  A giant frog skeleton (D:4)
  3 iguanas (D:5)
  4 worker ants
  A worker ant zombie (D:5)
  A gnoll (D:8)
  8 adders
  A howler monkey skeleton (D:5)
  A shadow imp (D:7)
  2 oozes
  3 worms (D:3)
  A dart slug (D:1)
  3 giant geckos
  13 orcs
  A ball python (D:2)
  6 bats
  6 giant cockroaches
  14 hobgoblins
  5 jackals
  5 kobolds
  6 quokkas
  3 giant newts
  10 goblins
  A quokka skeleton (D:5)
  10 rats
  A spectral orc (D:2)
149 creatures vanquished.

Vanquished Creatures (collateral kills)
  A spriggan (D:7)
  A necrophage (D:6)
  A centaur (D:5)
  A scorpion (D:5)
  2 howler monkeys (D:8)
  A crimson imp (D:6)
  An iguana (D:4)
  An orc wizard (D:4)
  A worker ant (D:4)
  Robin (D:4)
  2 gnolls (D:8)
  A shadow imp (D:5)
  3 orcs (D:4)
  2 goblins (D:4)
  A hobgoblin (D:4)
20 creatures vanquished.

Vanquished Creatures (others)
  A centaur zombie (D:6)
  An ogre zombie (D:7)
  A hound zombie (D:5)
  A necrophage skeleton (D:6)
  2 howler monkey zombies (D:8)
  A gnoll zombie (D:8)
  An adder zombie (D:7)
  7 orc zombies
  3 goblin zombies (D:4)
  3 hobgoblin zombies (D:4)
  A jackal zombie (D:8)
  A quokka zombie (D:7)
  A bush (D:6)
24 creatures vanquished.

Grand Total: 193 creatures vanquished

Notes
Turn   | Place    | Note
--------------------------------------------------------------
     0 | D:1      | FrankyJ the Ghoul Gladiator began the quest for the Orb.
     0 | D:1      | Reached XP level 1. HP: 17/17 MP: 0/0
   311 | D:1      | Reached XP level 2. HP: 24/24 MP: 1/1
   673 | D:1      | Reached XP level 3. HP: 30/30 MP: 2/2
   884 | D:2      | Reached skill level 1 in Armour
   929 | D:2      | Found a basalt altar of Yredelemnul.
   942 | D:2      | Became a worshipper of Yredelemnul the Dark
  1015 | D:2      | Reached XP level 4. HP: 29/37 MP: 3/3
  1105 | D:2      | Reached skill level 3 in Fighting
  1359 | D:3      | Found a snail-covered altar of Cheibriados.
  1366 | D:3      | Found a glowing silver altar of Zin.
  1370 | D:3      | Found a sacrificial altar of Ru.
  1370 | D:3      | Found a glowing golden altar of the Shining One.
  1370 | D:3      | Found an opulent altar of Gozag.
  1370 | D:3      | Found a shimmering altar of Xom.
  1372 | D:3      | Found a stormy altar of Qazlal.
  1695 | D:3      | Reached XP level 5. HP: 27/45 MP: 4/4
  1732 | D:3      | Reached * piety under Yredelemnul
  1772 | D:3      | Reached skill level 1 in Shields
  1816 | D:3      | Found a shimmering altar of Xom.
  2293 | D:4      | Noticed Robin
  2306 | D:4      | Killed Robin
  2376 | D:4      | Reached XP level 6. HP: 33/52 MP: 5/5
  2377 | D:4      | Found Gont's Assorted Antiques.
  2379 | D:4      | Reached skill level 4 in Fighting
  2434 | D:4      | Noticed Grinder
  2439 | D:4      | Noticed Eustachio
  2538 | D:4      | Paralysed by Grinder for 2 turns
  2560 | D:4      | Killed Grinder
  2560 | D:4      | Reached skill level 5 in Unarmed Combat
  2560 | D:4      | Reached XP level 7. HP: 19/60 MP: 4/6
  2705 | D:5      | Entered Level 5 of the Dungeon
  2908 | D:5      | Reached ** piety under Yredelemnul
  2914 | D:5      | Reached skill level 5 in Fighting
  3082 | D:5      | Found Seshenk's Armour Shoppe.
  3200 | D:5      | Noticed Sigmund
  3214 | D:5      | Killed Sigmund
  3377 | D:5      | Reached XP level 8. HP: 37/70 MP: 7/7
  3543 | D:5      | Bought a +1 pair of gloves of strength for 181 gold pieces
  3852 | D:5      | Found a bloodstained altar of Trog.
  3857 | D:5      | Reached skill level 6 in Fighting
  4100 | D:5      | Found a hide-covered altar of Uskayaw.
  4496 | D:6      | Found a shadowy altar of Dithmenos.
  4851 | D:6      | Found Legazxep's Book Shoppe.
  4970 | D:6      | Found a staircase to the Ecumenical Temple.
  5022 | D:6      | Reached skill level 7 in Fighting
  5394 | D:6      | Found a sparkling altar of Nemelex Xobeh.
  5396 | D:6      | Found an oddly glowing altar of Pakellas.
  5511 | D:7      | Reached XP level 9. HP: 33/71 MP: 8/8
  6052 | D:7      | Found a radiant altar of Vehumet.
  6088 | D:7      | Reached skill level 8 in Fighting
  6112 | D:7      | Noticed Prince Ribbit
  6137 | D:7      | Killed Prince Ribbit
  7032 | D:8      | Reached skill level 5 in Shields
  7041 | D:8      | Reached skill level 5 in Armour
  7384 | D:8      | Learned a level 1 spell: Animate Skeleton
  7508 | D:8      | Reached skill level 9 in Fighting
  7828 | D:8      | Found a deep blue altar of Sif Muna.
  8396 | D:9      | Reached XP level 10. HP: 55/81 MP: 9/9
  8408 | D:9      | Noticed a guardian serpent
  8409 | D:9      | a guardian serpent changed into a polar bear
  8485 | D:9      | Noticed a manticore
  8497 | D:9      | Slain by a manticore

Vault maps used:
D:1:      grunt_arrival_lava_bath
D:2:      yredelemnul_forgotten_temple_becter, first_bread, grunt_pakellas_salt
D:3:      grunt_temple_overflow_open, tgw_xom
D:4:      lemuel_doored_altar, serial_shops, nicolae_shop_behind_doors,
          uniq_grinder, uniq_robin, uniq_eustachio, uniq_crazy_yiuf_cottage
D:5:      kennysheep_mini, lightli_temple_of_fire, serial_shops, shop_fountains,
          sigmund_army
D:6:      minmay_klotski, nicolae_overflow_hidden_temple, serial_shops, shop,
          grunt_ministairs_4, minmay_misc_feat_pillars, serial_bayou_ford_a,
          grunt_dithmenos_shadows
D:7:      fiery_altar_vehumet, the_bakery, minmay_crystal_water,
          uniq_prince_ribbit1
D:8:      led_sif_book, corner_web_ring, st_stairs_5
D:9:      erik_lair_island, nrook_guardian_serpent_double

Skill      XL: |  1  2  3  4  5  6  7  8  9 |
---------------+----------------------------+-----
Dodging        | 3 |  3.1
Throwing       | 2 |  2.0
Armour         | 1 2 3 4 5 |  5.2
Fighting       | 3 4 5 7 9 |  9.4
Unarmed Combat | 4 5 6 7 |  7.9
Shields        | 1 2 3 4 5 |  5.4

Action                   |  1- 3 |  4- 6 |  7- 9 | 10-12 || total
-------------------------+-------+-------+-------+-------++-------
Melee: Unarmed           |   136 |   248 |   436 |     8 ||   828
       Punch             |     3 |       |       |       ||     3
Invok: Animate Remains   |       |    15 |    19 |     1 ||    35
Evoke: Wand              |       |       |       |     1 ||     1
  Use: Scroll            |     6 |     1 |     6 |       ||    13
       Potion            |       |     1 |       |     1 ||     2
 Stab: Distracted        |       |     2 |     2 |       ||     4
  Eat: Chunk             |     4 |    15 |    18 |       ||    37
       Meat ration       |       |       |     1 |       ||     1
Armor: Ring mail         |    62 |    85 |     3 |       ||   150
       Animal skin       |       |       |    84 |     3 ||    87
Dodge: Dodged            |   102 |    70 |    70 |     5 ||   247
Block: Large shield      |       |   157 |   272 |    15 ||   444
